 Dungeon Crawl Stone Soup version 0.20-a0-893-g832831a (console) character file.

14835 nht the Carver (level 11, -3/81 HPs)
             Began as a Vampire Berserker on Mar 16, 2017.
             Was a High Priest of Trog.
             Killed from afar by an electric eel (10 damage)
             ... with a bolt of electricity
             ... on level 3 of the Lair of Beasts.
             The game lasted 00:22:11 (8398 turns).

nht the Carver (Vampire Berserker)                  Turns: 8398, Time: 00:22:12

Health: -3/81      AC: 15    Str: 14    XL:     11   Next: 93%
Magic:  11/11      EV:  9    Int:  9    God:    Trog [*****.]
Gold:   613        SH:  0    Dex: 18    Spells: 10/10 levels left

rFire    . . .     SeeInvis +   a - +1 dagger (elec)
rCold    + . .     Gourm    .   O - +0 chain mail "Egarch" {rC+ rN+ rCorr Str-2}
rNeg     + . .     Faith    .   (no shield)
rPois    .         Spirit   .   q - +2 helmet
rElec    .         Reflect  .   A - +0 cloak
rCorr    +         Harm     .   B - +1 pair of gloves
MR       ++...                  K - +0 pair of boots
Stlth    +.........             t - amulet of rage
Regen    0.5/turn               P - +1 ring of slaying
MPRegen  0.2/turn               u - ring of protection from magic

@: regenerating quickly
A: fangs 3, see invisible, unbreathing
a: Berserk, Trog's Hand, Brothers in Arms, Burn Spellbooks, Renounce Religion,
Evoke Berserk Rage


You were on level 3 of the Lair of Beasts.
You worshipped Trog.
Trog was extremely pleased with you.
You were almost alive.

You visited 2 branches of the dungeon, and saw 12 of its levels.
You also visited: Labyrinth.

You collected 613 gold pieces.

Inventory:

Hand Weapons
 a - a +1 dagger of electrocution (weapon)
 b - a +3 scimitar of flaming
Missiles
 h - 47 poisoned needles
 j - 16 needles of sleeping
 y - 15 tomahawks (quivered)
 F - 3 throwing nets
 J - 8 tomahawks of returning
Armour
 q - a +2 helmet (worn)
 A - a +0 cloak (worn)
 B - a +1 pair of gloves (worn)
 K - a +0 pair of boots (worn)
 O - the +0 chain mail "Egarch" (worn) {rC+ rN+ rCorr Str-2}
   (You found it in a labyrinth)

   It affects your strength (-2).
   It protects you from cold.
   It protects you from negative energy.
   It protects you from acid and corrosion.
Jewellery
 t - an amulet of rage (around neck)
 u - a ring of protection from magic (left hand)
 v - an uncursed ring of flight
 w - an uncursed ring of resist corrosion
 P - a +1 ring of slaying (right hand)
Wands
 c - a wand of digging (11/24)
 D - a wand of paralysis (0/24)
 L - a wand of lightning (7/15)
 M - a wand of paralysis (5/24)
 N - a wand of disintegration (14/24)
Scrolls
 e - 7 scrolls of teleportation
 f - a scroll of magic mapping
 m - a scroll of blinking
 n - 3 scrolls of remove curse
 o - 2 scrolls of recharging
 x - a scroll of fear
 C - 2 scrolls of enchant weapon
Potions
 d - 2 potions of brilliance
 g - 5 potions of heal wounds
 i - 4 potions of curing
 k - 24 potions of blood
 r - 4 potions of flight
 s - a potion of agility
 G - a potion of mutation
 H - 2 potions of might


   Skills:
 + Level 5.8 Fighting
 - Level 14.6 Long Blades
 * Level 6.4 Throwing
 - Level 1.5 Armour
 + Level 6.2 Dodging
 + Level 9.2 Stealth


You had 10 spell levels left.
You didn't know any spells.

Dungeon Overview and Level Annotations

Branches:
Dungeon (9/15)             Temple (0/1) D:5            Lair (3/6) D:9
 Spider (0/4) Lair:2          Orc (0/2) D:9
  Swamp: Lair:2-4    Shoals: Lair:2-4

Altars:
Cheibriados
Dithmenos
Elyvilon
Fedhas
Gozag
Hepliaklqana
Nemelex Xobeh
Qazlal
Sif Muna
Trog
Uskayaw
Wu Jian
Xom

Shops:
D:7 }


Innate Abilities, Weirdness & Mutations

Your natural rate of healing is unusually fast.
You have razor-sharp teeth.
You have supernaturally acute eyesight. (SInv)
You can survive without breathing.


Message History

The bolt of electricity hits you!
The electric eel shoots out a bolt of lightning at you!
The bolt of electricity hits your two-headed ogre.
The bolt of electricity hits you!
The electric eel shoots out a bolt of lightning at you!
The bolt of electricity hits you!
* * * LOW HITPOINT WARNING * * *
The electric eel shoots out a bolt of lightning at you!
The bolt of electricity hits the electric eel.
The electric eel completely resists.
The bolt of electricity hits you!
* * * LOW HITPOINT WARNING * * *
The electric eel shoots out a bolt of lightning at your two-headed ogre!
The bolt of electricity hits your two-headed ogre.
Your two-headed ogre closely misses the electric eel.
Your two-headed ogre hits the electric eel with a dire flail!
The electric eel dies!
Trog accepts your kill.
The electric eel shoots out a bolt of lightning at you!
The bolt of electricity hits you!
You die...

██...█..................P..█.█
█............$................
*█........██............████..
█........P.P.........█..█....
██.........P..................
█....███.█P.█.P.██.█..........
██........P...................
█..P÷███.........♣.)≈≈.).♣███
█...███P....@..██♣....≈≈≈≈♣█.
█.................≈;≈≈....≈..
█.███.P█..█......≈O≈≈.≈..≈.≈.
█.,..............≈≈≈..≈≈...≈.
█.............♣≈.≈≈.≈.≈.≈..≈.
█..............≈.≈...≈.≈≈≈.≈.
**,.█...)......♣.≈.≈≈≈.≈...≈.≈
*,,,............$≈..≈.≈.≈.≈≈.≈
**,,**.........[.≈...≈≈..≈≈≈.♣


You could see an electric eel and a friendly two-headed ogre.

Vanquished Creatures
  Gastronok (D:9)
  A minotaur (Lab)
  A hydra (Lair:3)
  2 two-headed ogres (D:9)
  Erica (D:8)
  The ghost of kroki the Cleaver, a novice MiWr (D:6)
  Pikel (D:8)
  A black mamba (Lair:2)
  Psyche (D:8)
  A spiny frog (Lair:3)
  Prince Ribbit (D:8)
  A blink frog (Lair:2)
  4 hippogriffs
  9 yaks
  A basilisk (Lair:1)
  A wyvern (D:9)
  Grum (D:8)
  A fire elemental (Lair:2)
  7 wolves
  Menkaure (D:6)
  3 water moccasins
  3 porcupines
  An ice beast (D:6)
  2 orc warriors (D:6)
  2 sky beasts
  An eye of draining (D:8)
  A phantom (D:4)
  2 ogres (D:9)
  3 centaurs
  3 crocodiles
  4 bullfrogs
  An earth elemental (Lab)
  A wyvern skeleton (D:7)
  4 scorpions
  A howler monkey (D:5)
  An electric eel (Lair:2)
  A spriggan skeleton (Lab)
  5 crimson imps
  2 bullfrog skeletons
  6 hounds
  2 jellies (D:5)
  Crazy Yiuf (D:6)
  3 orc priests (D:6)
  3 centaur skeletons
  2 iguanas
  3 orc wizards
  A hell rat (Lair:3)
  9 worker ants
  2 hound skeletons (D:7)
  8 adders
  4 gnolls (D:7)
  2 shadow imps (D:6)
  2 oozes
  2 adder skeletons
  An adder zombie (D:7)
  4 worms
  2 dart slugs
  6 leopard geckos
  19 orcs
  A ball python (D:4)
  7 giant cockroaches
  7 goblins
  8 hobgoblins
  4 jackals (D:3)
  6 kobolds
  4 quokkas
  5 bats
  4 frilled lizards
  A jackal skeleton (D:4)
  A quokka zombie (D:5)
  4 rats
  A fungus (D:9)
214 creatures vanquished.

Vanquished Creatures (collateral kills)
  3 blink frogs (Lair:2)
  A basilisk (Lair:2)
  A water moccasin (Lair:3)
  2 wolves (D:8)
  A crocodile (Lair:3)
  A bullfrog (D:8)
  An electric eel (Lair:3)
  4 hell rats (Lair:3)
  A shadow imp (D:8)
  A fungus (Lair:3)
16 creatures vanquished.

Vanquished Creatures (others)
  A slave (D:8)
  4 killer bees (D:8)
  A worker ant zombie (D:8)
  A fungus (D:8)
7 creatures vanquished.

Grand Total: 237 creatures vanquished

Notes
Turn   | Place    | Note
-------+----------+-------------------------------------------
     0 | D:1      | nht the Vampire Berserker began the quest for the Orb.
     0 | D:1      | Reached XP level 1. HP: 17/17 MP: 1/1
    76 | D:1      | Reached XP level 2. HP: 14/23 MP: 2/2
   227 | D:1      | Reached skill level 4 in Long Blades
   607 | D:2      | Reached XP level 3. HP: 28/28 MP: 3/3
   665 | D:2      | Reached ** piety under Trog
   748 | D:2      | Found a snail-covered altar of Cheibriados.
  1312 | D:3      | Reached skill level 5 in Long Blades
  1312 | D:3      | Reached XP level 4. HP: 34/34 MP: 4/4
  1438 | D:3      | Found a shadowy altar of Dithmenos.
  1781 | D:4      | Noticed a phantom
  1792 | D:4      | Killed a phantom
  1792 | D:4      | Reached skill level 6 in Long Blades
  1792 | D:4      | Reached XP level 5. HP: 39/39 MP: 5/5
  1965 | D:4      | Reached XP level 6. HP: 37/46 MP: 6/6
  1994 | D:4      | Reached skill level 7 in Long Blades
  2065 | D:4      | Found a stormy altar of Qazlal.
  2107 | D:4      | Found a deep blue altar of Sif Muna.
  2326 | D:5      | Entered Level 5 of the Dungeon
  2342 | D:5      | Reached *** piety under Trog
  2395 | D:5      | Reached skill level 8 in Long Blades
  2400 | D:5      | Reached XP level 7. HP: 40/51 MP: 7/7
  2559 | D:5      | Found a staircase to the Ecumenical Temple.
  2566 | D:5      | Reached skill level 9 in Long Blades
  2847 | D:5      | Found a sparkling altar of Nemelex Xobeh.
  3253 | D:6      | Reached XP level 8. HP: 44/57 MP: 8/8
  3255 | D:6      | Reached skill level 10 in Long Blades
  3500 | D:6      | Reached skill level 11 in Long Blades
  3573 | D:6      | Noticed Menkaure
  3573 | D:6      | Noticed kroki's ghost (novice MiWr)
  3577 | D:6      | Killed Menkaure
  3586 | D:6      | Killed kroki's ghost
  3586 | D:6      | Reached skill level 12 in Long Blades
  3586 | D:6      | Reached XP level 9. HP: 20/62 MP: 9/9
  3644 | D:6      | Reached **** piety under Trog
  3889 | D:6      | Found a runed door.
  3893 | D:6      | Noticed Crazy Yiuf
  3897 | D:6      | Killed Crazy Yiuf
  4059 | D:7      | Found Emug Zecw's Gadget Emporium.
  4335 | D:7      | Found a shimmering altar of Xom.
  4357 | D:7      | Found a hazy altar of Hepliaklqana.
  4357 | D:7      | Noticed a tyrant leech
  4358 | D:7      | Noticed a tyrant leech
  4358 | D:7      | Noticed a spectral ugly thing
  4787 | D:8      | Found an opulent altar of Gozag.
  4842 | D:8      | Noticed Psyche
  4844 | D:8      | Found a white marble altar of Elyvilon.
  4854 | D:8      | Killed Psyche
  4854 | D:8      | Reached skill level 13 in Long Blades
  4931 | D:8      | Found an ornate altar of the Wu Jian Council.
  4932 | D:8      | Noticed Prince Ribbit
  4935 | D:8      | Noticed Pikel
  4947 | D:8      | Killed Prince Ribbit
  4978 | D:8      | Killed Pikel
  4986 | D:8      | Noticed Erica
  4998 | D:8      | Killed Erica
  4998 | D:8      | Reached skill level 14 in Long Blades
  4998 | D:8      | Reached XP level 10. HP: 68/68 MP: 10/10
  5091 | D:8      | Noticed Grum
  5139 | D:8      | Killed Grum
  5449 | D:8      | Found a bloodstained altar of Trog.
  5784 | D:9      | Reached skill level 1 in Stealth
  5865 | D:9      | Noticed a two-headed ogre
  5892 | D:9      | Killed a two-headed ogre
  5997 | D:9      | Noticed a two-headed ogre
  6011 | D:9      | Found a staircase to the Lair.
  6042 | D:9      | Found a blossoming altar of Fedhas.
  6078 | D:9      | Noticed Gastronok
  6094 | D:9      | Killed Gastronok
  6094 | D:9      | Reached skill level 5 in Stealth
  6182 | D:9      | Reached XP level 11. HP: 77/77 MP: 11/11
  6199 | D:9      | Killed a two-headed ogre
  6256 | D:9      | Found a staircase to the Orcish Mines.
  6310 | D:9      | Found a hide-covered altar of Uskayaw.
  6450 | Lair:1   | Entered Level 1 of the Lair of Beasts
  7167 | Lair:2   | Found a hole to the Spider Nest.
  7235 | Lair:2   | Reached ***** piety under Trog
  7324 | Lair:2   | Reached skill level 5 in Dodging
  7411 | Lair:2   | Reached skill level 5 in Throwing
  7547 | Lair:2   | Received a gift from Trog
  7549 | Lair:2   | Reached skill level 5 in Fighting
  8011 | Lair:3   | Found a labyrinth entrance.
  8011 | Lair:3   | Noticed a six-headed hydra
  8032 | Lair:3   | Killed a six-headed hydra
  8096 | Lab      | Entered a labyrinth
  8171 | Lab      | Noticed a minotaur
  8175 | Lab      | Killed a minotaur
  8183 | Lab      | Got a bronze chain mail
  8194 | Lab      | Identified the +0 chain mail "Egarch" {rC+ rN+ rCorr Str-2} (You found it in a labyrinth)
  8291 | Lair:3   | Received a gift from Trog
  8398 | Lair:3   | Killed from afar by an electric eel

Vault maps used:
D:1:      co_arrival_random_square_maze
D:2:      cheibriados_altar_1, first_bread, minmay_close_crescents
D:3:      grunt_dithmenos_smoke
D:4:      kennysheep_mini_moat, grunt_qazlal_sundering
D:5:      nemelex_altar_shiori, minmay_temple_entry_large_hall
D:6:      uniq_crazy_yiuf_cottage, uniq_menkaure
D:7:      regret_index_temple_of_mockery, serial_shops, nicolae_shop_stone
D:8:      elyvilon_altar_1, lightli_temple_of_fire, overflow_temple_1_default,
          nicolae_gozag_seed_capital, uniq_prince_ribbit1, uniq_grum,
          uniq_psyche, uniq_pikel, uniq_erica
D:9:      eat_drink_and_be_merry_uskayaw, overflow_temple_1_default,
          dpeg_oklobed_lair, orc_0_dummy, nrook_mini_vaults, uniq_gastronok
Lair:2:   nicolae_spider_entry_non_spiders, lemuel_fruit_tree,
          infiniplex_staircase_pool
Lair:3:   lab_entry_generic, nicolae_quartered_pool_medium
Lab:      nicolae_lab_plus, labyrinth_skeletal_remains, nicolae_lab_grate,
          nicolae_lab_grate_2, lab_fountain, labyrinth_glass_1

Skill      XL: |  1  2  3  4  5  6  7  8  9 10 11 |
---------------+----------------------------------+-----
Long Blades    | 4 5 6 8 9 12 14 | 14.6
Stealth        | 5 9 |  9.2
Fighting       | 4 5 |  5.8
Throwing       | 3 6 |  6.4
Dodging        | 4 6 |  6.2
Armour         | |  1.5

Action                   |  1- 3 |  4- 6 |  7- 9 | 10-12 || total
-------------------------+-------+-------+-------+-------++-------
Melee: Falchion          |   101 |   109 |    89 |       ||   299
       Bite              |    13 |    14 |    38 |    56 ||   121
       Dagger            |       |       |   178 |   418 ||   596
Throw: Tomahawk          |       |       |       |    10 ||    10
Invok: Berserk           |     2 |     4 |    11 |     8 ||    25
       Brothers in Arms  |       |       |       |     3 ||     3
       Burn Spellbooks   |       |       |       |     2 ||     2
       Trog's Hand       |       |       |       |     1 ||     1
Evoke: Wand              |       |       |     8 |    22 ||    30
  Use: Potion            |     6 |    10 |    17 |    28 ||    61
       Scroll            |     5 |     3 |    10 |     6 ||    24
 Stab: Sleeping          |     2 |     1 |     3 |     8 ||    14
       Paralysed         |       |       |     2 |       ||     2
       Invisible         |       |       |       |     2 ||     2
       Distracted        |       |       |       |     2 ||     2
       Confused          |       |       |       |     2 ||     2
  Eat: Corpse            |     5 |       |     7 |     4 ||    16
Armor: Animal skin       |    14 |    24 |    50 |    41 ||   129
       Skin              |       |       |       |    22 ||    22
       Chain mail        |       |       |       |    13 ||    13
Dodge: Dodged            |    67 |    60 |   109 |   162 ||   398
       Rpst.: Falchion   |    25 |    26 |    17 |       ||    68
